 Dungeon Crawl Stone Soup version 0.23-a0-151-gf6d1ed2 (webtiles) character file.

11562 Zephyr93 the Blocker (level 11, -2/97 HPs)
             Began as a Minotaur Berserker on Sept 8, 2018.
             Was a High Priest of Trog.
             Engulfed by an ice statue's freezing vapour (30 damage)
             ... in an ice cave.
             The game lasted 00:18:03 (7600 turns).

Zephyr93 the Blocker (Minotaur Berserker)           Turns: 7600, Time: 00:18:04

Health: -2/97      AC: 16    Str: 24    XL:     11   Next: 50%
Magic:  3/3        EV: 11    Int:  4    God:    Trog [*****.]
Gold:   964        SH:  7    Dex: 14    Spells: 10/10 levels left

rFire    . . .     SeeInvis +   C - +5 broad axe (antimagic)
rCold    . . .     Gourm    .   x - +0 buckler
rNeg     . . .     Faith    .   d - +1 plate armour
rPois    .         Spirit   .   w - +0 hat
rElec    .         Reflect  .   b - scarf {repulsion}
rCorr    .         Harm     +   (no gloves)
MR       .....                  o - +0 pair of boots
Stlth    ..........             h - amulet of harm
HPRegen  0.26/turn              i - +3 ring of strength
MPRegen  0.08/turn              m - ring of see invisible

@: repel missiles
A: retaliatory headbutt, horns 2
a: Berserk, Trog's Hand, Brothers in Arms, Renounce Religion


You were in an ice cave.
You worshipped Trog.
Trog was extremely pleased with you.
You were not hungry.

You visited 1 branch of the dungeon, and saw 11 of its levels.
You also visited: Sewer and Ice Cave.

You collected 964 gold pieces.

Inventory:

Hand Weapons
 a - a +1 war axe of protection
 C - a +5 antimagic broad axe (weapon)
Armour
 b - a scarf of repulsion (worn)
 d - a +1 plate armour (worn)
 o - a +0 pair of boots (worn)
 w - a +0 hat (worn)
 x - a +0 buckler (worn)
Jewellery
 h - an amulet of harm (around neck)
 i - a +3 ring of strength (left hand)
 m - a ring of see invisible (right hand)
Wands
 y - a wand of random effects (24)
 z - a wand of digging (9)
Scrolls
 e - 3 scrolls of blinking
 f - 5 scrolls of immolation
 g - 4 scrolls of magic mapping
 l - 7 scrolls of teleportation
 q - a scroll of remove curse
 v - a scroll of fog
Potions
 j - 10 potions of curing
 n - 2 potions of invisibility
 p - a potion of lignification {unknown}
 r - a potion of resistance
 s - a potion of brilliance
 t - 2 potions of haste
 u - 2 potions of berserk rage
 A - a potion of ambrosia
 B - a potion of cancellation
 D - a potion of flight
Comestibles
 c - 14 rations


   Skills:
 * Level 9.3 Fighting
   Level 6.0 Long Blades
 * Level 9.4 Axes
 * Level 9.0 Armour
 * Level 8.2 Dodging
 * Level 12.1 Shields


You had 10 spell levels left.
You didn't know any spells.
Your spell library was empty.

Dungeon Overview and Level Annotations

Branches:
Dungeon (11/15)            Temple (0/1) D:6            Lair (0/6) D:10
    Orc (0/2) D:9

Altars:
Ashenzari
Dithmenos
Elyvilon
Gozag
Kikubaaqudgha
Makhleb
Okawaru
Qazlal
Sif Muna
Trog
Uskayaw
Vehumet
Yredelemnul
Zin

Shops:
D:10 (

Annotations:
IceCv exclusion: 2 ice statues


Innate Abilities, Weirdness & Mutations

You reflexively headbutt those who attack you in melee.
You have a pair of horns on your head.


Message History

You slash the ice beast!
You kill the ice beast!
You slash the ice beast!
You are engulfed in freezing vapours.
The ice statue gestures.
The ice statue glitters chillingly in the dim dungeon light.
You block the ice beast's attack.
You slash the ice statue!
The ice statue's magic leaks into the air.
The ice statue is severely damaged.
You slash the ice beast!
You are engulfed in freezing vapours.
* * * LOW HITPOINT WARNING * * *
The ice statue falters for a moment.
The ice statue gestures.
You block the ice beast's attack.
Unknown command.
You slash the ice statue!
The ice statue's magic leaks into the air.
The ice statue is almost destroyed.
You hit the ice beast but do no damage.
You are engulfed in freezing vapours.
You die...

##....# ##.....#
#..§§..8 #### #...§§.##
######..## #...§Y§§###
##..##....#
##..§§§§§§§###..........
#....§§§§§§§#.......∩.∩.
#....§§Y§##§...##.......
#.....§@####..#####....#
##...§§§8# #### ##..##
##.#.#### #### ####


You could see 2 ice statues and 2 ice beasts.

Vanquished Creatures
  Gastronok (D:8)
  Harold (D:9)
  A two-headed ogre (D:11)
  Maurice (D:8)
  A gargoyle (D:11)
  2 ice devils (D:11)
  A troll (D:9)
  5 hippogriffs
  4 hogs (D:11)
  A human (D:11)
  6 yaks (D:10)
  A hungry ghost (D:9)
  A steam dragon (D:9)
  3 wargs (D:10)
  An acid dragon (D:11)
  2 water moccasins
  Purgy (Sewer)
  An orc warrior (D:9)
  4 ice beasts
  3 phantoms
  A necrophage (D:10)
  6 centaurs
  4 ogres
  A bullfrog (D:8)
  A big kobold (D:10)
  A wyvern zombie (D:10)
  A water moccasin zombie (D:10)
  A scorpion (D:5)
  8 wights
  A vampire bat (D:2)
  4 crimson imps
  A bullfrog zombie (D:5)
  A centaur zombie (D:5)
  4 hounds
  2 jellies
  2 bullfrog skeletons
  10 orc priests
  3 iguanas
  9 orc wizards
  11 worker ants
  2 hound zombies
  A hound skeleton (D:11)
  A worker ant zombie (D:10)
  8 gnolls
  5 adders
  4 shadow imps
  6 white imps (IceCv)
  An ufetubus (IceCv)
  An ooze (D:2)
  2 adder zombies (D:6)
  An adder skeleton (D:4)
  6 worms
  3 dart slugs
  9 leopard geckos
  36 orcs
  9 bats
  5 bat skeletons (D:2)
  2 bat zombies (D:2)
  7 giant cockroaches
  6 goblins
  10 hobgoblins
  9 jackals
  2 quokkas
  5 frilled lizards
  18 kobolds
  5 rats
277 creatures vanquished.

Vanquished Creatures (others)
  A white imp (IceCv)
  5 ufetubi (IceCv)
6 creatures vanquished.

Grand Total: 283 creatures vanquished

Notes
Turn   | Place    | Note
-------+----------+-------------------------------------------
     0 | D:1      | Zephyr93 the Minotaur Berserker began the quest for the
                  | Orb.
     0 | D:1      | Reached XP level 1. HP: 19/19 MP: 0/0
    47 | D:1      | Reached XP level 2. HP: 27/27 MP: 1/1
   177 | D:1      | Reached XP level 3. HP: 20/33 MP: 2/2
   181 | D:1      | Reached ** piety under Trog
   994 | D:2      | Reached XP level 4. HP: 12/41 MP: 3/3
  1412 | D:2      | Found a basalt altar of Yredelemnul.
  1641 | D:2      | Found an ancient bone altar of Kikubaaqudgha.
  1646 | D:2      | Reached XP level 5. HP: 46/47 MP: 4/4
  2053 | D:3      | Reached *** piety under Trog
  2153 | D:3      | Reached skill level 5 in Fighting
  2167 | D:3      | Reached skill level 5 in Axes
  2507 | D:3      | Found a hide-covered altar of Uskayaw.
  2814 | D:4      | Found a glowing drain.
  2818 | D:4      | Reached XP level 6. HP: 56/56 MP: 5/5
  2836 | Sewer    | Entered a sewer
  2884 | Sewer    | Noticed Purgy
  2891 | Sewer    | Killed Purgy
  3051 | D:4      | Reached **** piety under Trog
  3051 | D:4      | Reached XP level 7. HP: 51/62 MP: 6/6
  3052 | D:4      | Reached skill level 5 in Armour
  3271 | D:5      | Entered Level 5 of the Dungeon
  3314 | D:5      | Reached skill level 5 in Dodging
  3490 | D:5      | Found a white marble altar of Elyvilon.
  3533 | D:5      | Reached XP level 8. HP: 62/71 MP: 7/7
  3755 | D:5      | Found a burning altar of Makhleb.
  3756 | D:5      | Found a radiant altar of Vehumet.
  3930 | D:6      | Found a staircase to the Ecumenical Temple.
  4056 | D:6      | Reached skill level 2 in Shields
  4131 | D:6      | Received a gift from Trog
  4131 | D:6      | Reached skill level 3 in Shields
  4312 | D:6      | Reached ***** piety under Trog
  4349 | D:7      | Noticed a hippogriff
  4357 | D:7      | Killed a hippogriff
  4357 | D:7      | Reached skill level 4 in Shields
  4357 | D:7      | Reached XP level 9. HP: 80/80 MP: 8/8
  4491 | D:7      | Found a deep blue altar of Sif Muna.
  4585 | D:7      | Found a glowing silver altar of Zin.
  4585 | D:7      | Found an opulent altar of Gozag.
  4696 | D:7      | Found a shattered altar of Ashenzari.
  4872 | D:8      | Reached skill level 5 in Shields
  5033 | D:8      | Reached skill level 6 in Shields
  5096 | D:8      | Reached skill level 7 in Shields
  5115 | D:8      | Found a shadowy altar of Dithmenos.
  5123 | D:8      | Noticed Gastronok
  5138 | D:8      | Killed Gastronok
  5138 | D:8      | Reached skill level 11 in Shields
  5138 | D:8      | Reached XP level 10. HP: 55/88 MP: 9/9
  5222 | D:8      | Noticed Maurice
  5235 | D:8      | Killed Maurice
  5270 | D:8      | Found an iron altar of Okawaru.
  5616 | D:9      | Noticed Harold
  5627 | D:9      | Killed Harold
  5715 | D:9      | Found a staircase to the Orcish Mines.
  5729 | D:9      | Got a transparent long sword
  5730 | D:9      | Identified the +4 long sword of Wrongful Imprisonment
                  | {chaos, rF+} (You found it on level 9 of the Dungeon)
  5896 | D:9      | Reached skill level 1 in Long Blades
  6048 | D:9      | Found a bloodstained altar of Trog.
  6169 | D:10     | Entered Level 10 of the Dungeon
  6169 | D:10     | Found a staircase to the Lair.
  6179 | D:10     | Reached skill level 5 in Long Blades
  6188 | D:10     | Received a gift from Trog
  6286 | D:10     | Reached XP level 11. HP: 23/95 MP: 3/10
  6631 | D:10     | Found Tivuepp's Antique Weapon Emporium.
  6690 | D:10     | Got an ichor-stained ring mail
  6691 | D:10     | Identified the +3 ring mail of Grottiness {MR+ Int+2} (You
                  | found it on level 10 of the Dungeon)
  6957 | D:11     | Noticed a two-headed ogre
  6963 | D:11     | Killed a two-headed ogre
  7052 | D:11     | Reached skill level 12 in Shields
  7217 | D:11     | Found a stormy altar of Qazlal.
  7364 | D:11     | Found a frozen archway.
  7554 | IceCv    | Entered an ice cave
  7600 | IceCv    | Engulfed by an ice statue's freezing vapour

Vault maps used:
D:1:      sevenhm_arrival_forest_fort_large_4
D:2:      nicolae_overflow_crystal_walls, kennysheep_vampire_church
D:3:      cheibrodos_thug_alley, lemuel_crystal_altar, minivault_23
D:4:      cheibrodos_sewer_entry_drain, first_ration, minmay_item_behind_shaft
D:5:      grunt_temple_overflow_lords_of_destruction, kennysheep_mini,
          minmay_misc_feat_tiny
D:6:      temple_green
D:7:      grunt_temple_overflow_gold_and_silver, evilmike_ruin_ashenzari,
          led_sif_pool
D:8:      overflow_temple_1_default, overflow_temple_1_default, uniq_maurice,
          uniq_gastronok
D:9:      orc_0_dummy, trog_butcher_becter, uniq_harold
D:10:     erik_lair_orcish_takeover, serial_shops,
          nicolae_shop_overgrown_old_shop
D:11:     portal_ice_cave_demonic_guard, grunt_livestock,
          nicolae_qazlal_style_of_elements
Sewer:    sewer_big_baddie
IceCv:    ice_cave_small_demon

Skill      XL: |  1  2  3  4  5  6  7  8  9 10 11 |
---------------+----------------------------------+-----
Fighting       | 4 5 6 7 8 9 |  9.3
Axes           | 4 5 6 7 8 9 |  9.4
Armour         | 3 4 6 7 8 9 |  9.0
Dodging        | 3 4 5 6 7 8 |  8.2
Shields        | 4 11 12 | 12.1
Long Blades    | 6 |  6.0

Action                   |  1- 3 |  4- 6 |  7- 9 | 10-12 || total
-------------------------+-------+-------+-------+-------++-------
Melee: Hand axe          |    56 |    53 |       |       ||   109
       Headbutt          |     9 |    16 |    52 |    49 ||   126
       War axe           |       |    64 |   216 |    48 ||   328
       Long sword        |       |       |       |    39 ||    39
       Broad axe         |       |       |       |   110 ||   110
Invok: Berserk           |     1 |       |       |     2 ||     3
  Use: Scroll            |     2 |    12 |     6 |     4 ||    24
       Potion            |       |     1 |     1 |     3 ||     5
  Eat: Chunk             |       |     4 |     6 |     3 ||    13
       Ration            |       |     1 |       |     4 ||     5
Armor: Animal skin       |    10 |       |       |       ||    10
       Ring mail         |     9 |    21 |       |       ||    30
       Plate armour      |       |    93 |   163 |    95 ||   351
Dodge: Dodged            |    54 |    82 |    96 |   115 ||   347
       Deflected         |       |     1 |     3 |    10 ||    14
Block: Buckler           |       |       |    22 |   100 ||   122
       Rpst.: Long sword |       |       |       |    10 ||    10

Table legend:
 A = Non-vault XP
 B = Vault XP
 C = Vault XP percentage of total XP
 D = Non-vault monster count
 E = Vault monster count
 F = Vault count percentage of total count
                 A         B        C        D         E       F
            +---------+---------+-------+---------+---------+-------
      Total |   10083 |    6435 |  39.0 |     220 |      57 |  20.6
            +---------+---------+-------+---------+---------+-------
        D:1 |      58 |       0 |   0.0 |      29 |       0 |   0.0
        D:2 |      93 |      69 |  42.6 |      15 |       8 |  34.8
        D:3 |      97 |      14 |  12.6 |      23 |       9 |  28.1
        D:4 |     273 |       5 |   1.8 |      17 |       3 |  15.0
        D:5 |     948 |      50 |   5.0 |      18 |       1 |   5.3
        D:6 |    1013 |       0 |   0.0 |      31 |       0 |   0.0
        D:7 |     345 |       0 |   0.0 |       7 |       0 |   0.0
        D:8 |     748 |    2603 |  77.7 |      22 |       2 |   8.3
        D:9 |    1601 |    1240 |  43.6 |      17 |       5 |  22.7
       D:10 |    2714 |     654 |  19.4 |      29 |       9 |  23.7
       D:11 |    2193 |    1627 |  42.6 |      12 |       7 |  36.8
      Sewer |       0 |     138 | 100.0 |       0 |       6 | 100.0
      IceCv |       0 |      35 | 100.0 |       0 |       7 | 100.0
            +---------+---------+-------+---------+---------+-------
